General information
- name: BNet
- type: Ladder 1vs1/FFA
- host: Battle.net
- saver: Darkwing_Duck
map: TerenasStand
- players: 2
- length: 34:46
- speed: Fast
- version: 1.26 W3XP
- replay type: Public
» download(129 KB)
Players
team 1 (loser)
W-A-R-D-E-N (
pink | 92 APM | 3208 actions | 34:43)
5 Death Knight
2 Unholy Aura
3 Death Coil
3 Lich
2 Frost Nova
1 Frost Armor
1 Dreadlord
1 Sleep
» actions
| Assign group hotkey | 27 | |
| Basic commands | 307 | |
| Build / train | 75 | |
| Enter build submenu | 25 | |
| Enter hero's abilities submenu | 9 | |
| Remove unit from queue | 1 | |
| Right click | 1932 | |
| Select / deselect | 593 | |
| Select group hotkey | 112 | |
| Use ability | 127 | |
3208 total
» units
| Acolyte | 9 | |
| Ghoul | 9 | |
| Crypt Fiend | 12 | |
| Obsidian Statue | 3 | |
| Abomination | 3 | |
| Meatwagon | 5 | |
41 total
» upgrades
» buildings
| Crypt | 1 | |
| Altar of Darkness | 1 | |
| Ziggurat | 10 | |
| Tomb of Relics | 1 | |
| Graveyard | 1 | |
| Halls of the Dead | 3 | |
| Slaughterhouse | 2 | |
| Black Citadel | 3 | |
| Nerubian Tower | 1 | |
| Spirit Tower | 2 | |
25 total
» build order
00:08 Crypt
00:13 Altar of Darkness
00:15 Ziggurat
01:03 Tomb of Relics
01:40 Ziggurat
02:54 Graveyard
03:46 Halls of the Dead
03:46 Halls of the Dead
03:47 Halls of the Dead
04:17 Ziggurat
06:15 Slaughterhouse
06:17 Slaughterhouse
06:55 Black Citadel
06:55 Black Citadel
07:28 Ziggurat
08:01 Ziggurat
14:18 Ziggurat
14:20 Ziggurat
15:53 Nerubian Tower
15:55 Spirit Tower
27:18 Ziggurat
27:22 Ziggurat
27:26 Ziggurat
29:37 Spirit Tower
» items
| Rod of Necromancy | 5 | |
| Dust of Appearance | 1 | |
| Potion of Healing | 5 | |
11 total
team 2 (winner)
Darkwing_Duck (
purple | 111 APM | 3862 actions | 34:46)
6 Warden
3 Fan of Knives
3 Blink
» actions
| Assign group hotkey | 353 | |
| Basic commands | 37 | |
| Build / train | 99 | |
| Enter build submenu | 72 | |
| Enter hero's abilities submenu | 6 | |
| Give item / drop item | 4 | |
| Remove unit from queue | 1 | |
| Right click | 2206 | |
| Select / deselect | 452 | |
| Select group hotkey | 212 | |
| Use ability | 420 | |
3862 total
» units
» upgrades
» buildings
| Moon Well | 63 | |
| Altar of Elders | 2 | |
| Ancient of War | 3 | |
| Hunter's Hall | 2 | |
| Tree of Ages | 2 | |
| Ancient Protector | 12 | |
| Tree of Eternity | 1 | |
| Tree of Life | 4 | |
| Ancient of Wonders | 2 | |
91 total
» build order
00:10 Moon Well
00:42 Altar of Elders
00:51 Altar of Elders
00:59 Moon Well
01:49 Ancient of War
02:08 Hunter's Hall
02:17 Moon Well
02:27 Moon Well
03:28 Moon Well
03:42 Moon Well
04:16 Moon Well
05:16 Tree of Ages
05:51 Moon Well
06:19 Moon Well
07:39 Ancient Protector
07:42 Ancient Protector
07:42 Ancient Protector
07:42 Ancient Protector
07:43 Ancient Protector
07:58 Tree of Eternity
09:02 Tree of Life
09:24 Moon Well
09:27 Moon Well
09:38 Ancient of Wonders
13:43 Moon Well
13:43 Moon Well
13:44 Moon Well
13:44 Moon Well
13:45 Moon Well
13:45 Moon Well
13:45 Moon Well
14:06 Moon Well
14:13 Moon Well
15:22 Moon Well
15:22 Moon Well
15:22 Moon Well
15:23 Moon Well
15:40 Moon Well
15:41 Moon Well
15:42 Moon Well
15:42 Moon Well
15:42 Moon Well
16:42 Moon Well
16:43 Moon Well
16:43 Moon Well
16:43 Moon Well
16:48 Ancient Protector
16:48 Ancient Protector
16:49 Ancient Protector
16:49 Ancient Protector
16:50 Ancient Protector
17:51 Ancient Protector
17:52 Ancient Protector
18:35 Moon Well
18:39 Moon Well
18:42 Moon Well
19:21 Tree of Life
20:00 Moon Well
20:03 Moon Well
20:59 Moon Well
21:03 Moon Well
21:04 Moon Well
21:57 Tree of Ages
22:03 Moon Well
22:07 Moon Well
22:46 Ancient of War
22:46 Ancient of War
24:26 Hunter's Hall
25:04 Moon Well
25:04 Moon Well
25:04 Moon Well
25:05 Moon Well
25:05 Moon Well
25:05 Moon Well
25:06 Moon Well
25:06 Moon Well
25:07 Moon Well
25:07 Moon Well
25:07 Moon Well
25:08 Moon Well
26:09 Moon Well
26:09 Moon Well
26:10 Moon Well
26:51 Ancient of Wonders
29:51 Tree of Life
30:21 Tree of Life
» items
| Boots of Speed | 1 | |
| Scroll of Town Portal | 3 | |
| Scroll of Healing | 1 | |
| Staff of Teleportation | 1 | |
| Potion of Lesser Invulnerability | 2 | |
| Potion of Invisibility | 4 | |
| Periapt of Vitality | 1 | |
13 total
Chat log
(00:17 / All) Darkwing_Duck: I AM THE TERROR IN THE NIGHT
(00:27 / All) W-A-R-D-E-N: you ain't no bman
(00:32 / All) Darkwing_Duck: I'm DARKWING
(00:34 / All) Darkwing_Duck: DARKWING
(00:37 / All) Darkwing_Duck: DARKWING... DUCK!
(00:39 / All) W-A-R-D-E-N: oh that's right
(01:00 / All) W-A-R-D-E-N: how the time has ruined my childhood
(02:03 / All) W-A-R-D-E-N: that was one of the better shows back in the day too
(02:13 / All) Darkwing_Duck: Agree
(03:20 / All) Darkwing_Duck: well aren't you a fucking thieving nigger
(11:22 / All) Darkwing_Duck: fdsadfklxcadvkl
(11:24 / All) Darkwing_Duck: fucking lucky bitch
(11:32 / All) W-A-R-D-E-N: i saw that
(11:41 / All) Darkwing_Duck: I sh ould have made towers at my main
(33:50 / All) W-A-R-D-E-N: you probably one this game...
(33:55 / All) Darkwing_Duck: I did
(33:56 / All) W-A-R-D-E-N: i'll figure it out later
(34:00 / All) Darkwing_Duck: was a clsoe one
(34:21 / All) Darkwing_Duck: I thought I lost it earlier
(34:42 / All) W-A-R-D-E-N: ah... well i guess i need sleep heros next time